cohdb
Replays
Latest Replays
All Replays
Popular Replays
Top Player Replays
Match Explorer
How It Works
Community
CoH3 Stats
Reddit
Sign in to upload your games and track your stats! →
Sign in with Steam
Match 36593515
Unlisted
Match 36593515
Overview
Messages
Build Orders
End
Kettenkrad Recon Vehicle
Construct Infanterie Kompanie
MG 42 Machine Gun Team
Grenadier Squad
Grenadier Squad
Pioneer Squad
Construct Panzergrenadier Kompanie
Panzergrenadier Squad
Medical Station
Construct Panzer Kompanie
OMJimas
Nashorn101
CastIronEnjoyer
Xambao
0
0
Comments
sign in to comment!
No comments posted yet!